 Dungeon Crawl Stone Soup version 0.21-a0-531-gacddea6 (webtiles) character file.

130 slep the Chopper (level 4, -1/34 HPs)
             Began as a Demonspawn Gladiator on Dec 13, 2017.
             Slain by an ooze (3 damage)
             ... on level 5 of the Dungeon.
             The game lasted 00:08:19 (2676 turns).

slep the Chopper (Demonspawn Gladiator)             Turns: 2676, Time: 00:08:20

Health: -1/34      AC:  8    Str: 14    XL:     4   Next: 89%
Magic:  4/4        EV: 12    Int: 13    God:
Gold:   82         SH:  3    Dex: 15    Spells: 3/3 levels left

rFire    . . .     SeeInvis .   a - +0 war axe
rCold    . . .     Gourm    .   m - +0 buckler
rNeg     . . .     Faith    +   b - +0 leather armour
rPois    .         Spirit   .   e - +0 hat {Int+3}
rElec    .         Reflect  .   s - +2 cloak
rCorr    .         Harm     .   q - +0 pair of gloves
MR       .....                  t - +0 pair of boots
Stlth    +.........             j - amulet of faith
HPRegen  0.11/turn              (no ring)
MPRegen  0.09/turn              (no ring)

@: flying
A: talons 1, rot immunity
a: no special abilities


You were on level 5 of the Dungeon.
You were not hungry.

You visited 1 branch of the dungeon, and saw 4 of its levels.

You collected 82 gold pieces.

Inventory:

Hand Weapons
 a - a +0 war axe (weapon)
 u - a +0 blowgun
Missiles
 d - 2 throwing nets (quivered)
 v - 7 poisoned needles
Armour
 b - a +0 leather armour (worn)
 c - a +0 helmet
 e - a +0 hat of intelligence (worn)
 m - a +0 buckler (worn)
 q - a +0 pair of gloves (worn)
 s - a +2 cloak (worn)
 t - a +0 pair of boots (worn)
Magical Staves
 r - an uncursed staff of conjuration {unknown}
Jewellery
 j - an amulet of faith (around neck)
Scrolls
 g - 2 scrolls of identify
 h - a scroll of random uselessness
 l - 4 scrolls of remove curse {unknown}
 n - a scroll of fear {unknown}
 w - a scroll of teleportation {unknown}
Potions
 o - a potion of curing
Comestibles
 f - 4 bread rations
 i - 3 royal jellies
 k - 5 meat rations
 x - a chunk of flesh


   Skills:
 + Level 2.6 Fighting
 + Level 3.6 Axes
 + Level 2.0 Throwing
 + Level 1.5 Armour
 + Level 3.5 Dodging


You had 3 spell levels left.
You didn't know any spells.

Dungeon Overview and Level Annotations

Branches:
Dungeon (3/15)

Altars:

Annotations:
D:2 Sigmund


Innate Abilities, Weirdness & Mutations

You have sharp toenails.
You are immune to rotting.


Message History

The jackal bites you. The gnoll closely misses you.
The jackal completely misses you. The ooze hits you. Something hits you.
Something shocks you. The gnoll misses you.
Unknown command.
You aren't carrying any items that you can evoke without wielding.
Throwing (i - inventory):
d - 3 throwing nets (quivered)
Press: ? - help, Shift-Dir - straight line You throw a throwing net.
The throwing net hits the gnoll.
The gnoll is caught in the net!
The jackal bites you but does no damage.
The ooze barely misses you. Something hits you.
* * * LOW HITPOINT WARNING * * *
Something shocks you.
* * * LOW HITPOINT WARNING * * *
The gnoll struggles against the net.
The jackal completely misses you.
As you read the scroll labeled GEQ ZEOMUGO, it crumbles to dust.
It is a scroll of identify.
h - a scroll of random uselessness The ooze hits you.
You die...

..................
..................
.................
.................
##.............
#.............
#h.g..........
#h{...........
#@Jl..########
#######


You could see a gnoll (caught), an ooze, a leopard gecko and 2 jackals.

Vanquished Creatures
  7 adders
  A worm (D:3)
  4 leopard geckos
  4 orcs (D:3)
  6 bats
  3 giant cockroaches (D:1)
  6 goblins
  3 hobgoblins
  4 jackals (D:1)
  A quokka (D:2)
  A ball python (D:1)
  5 frilled lizards
  6 kobolds
  2 rats
53 creatures vanquished.

Notes
Turn   | Place    | Note
-------+----------+-------------------------------------------
     0 | D:1      | slep the Demonspawn Gladiator began the quest for the Orb.
     0 | D:1      | Reached XP level 1. HP: 16/16 MP: 1/1
   136 | D:1      | Gained mutation: You have sharp toenails. [demonic ancestry]
   136 | D:1      | Reached XP level 2. HP: 20/22 MP: 2/2
   644 | D:2      | Noticed Sigmund
   667 | D:2      | Gained mutation: You are immune to rotting. [demonic ancestry]
   667 | D:2      | Reached XP level 3. HP: 21/27 MP: 3/3
  1444 | D:3      | Reached skill level 1 in Armour
  1444 | D:3      | Reached XP level 4. HP: 3/34 MP: 4/4
  2663 | D:3      | You fall through a shaft for 2 floors!
  2663 | D:5      | Entered Level 5 of the Dungeon
  2663 | D:5      | Noticed a sky beast
  2676 | D:5      | Slain by an ooze

Vault maps used:
D:1:      dpeg_arrival_stonehenge_12_columns
D:2:      first_bread, uniq_sigmund
D:5:      lemuel_castle_with_subvaults, tgw_trog, lemuel_crystal_altar,
          grunt_temple_overflow_open, trog_three_pillars_becter,
          uniq_blork_the_orc

Skill      XL: |  1  2  3 |
---------------+----------+-----
Throwing       | 2 |  2.0
Dodging        | 3 |  3.5
Axes           | 3 |  3.6
Armour         | 1 |  1.5
Fighting       | |  2.6

Action                   |  1- 3 |  4- 6 || total
-------------------------+-------+-------++-------
Melee: War axe           |    92 |    61 ||   153
       Kick              |    16 |    11 ||    27
Throw: Throwing net      |       |     1 ||     1
  Use: Potion            |       |     2 ||     2
       Scroll            |       |     1 ||     1
 Stab: Sleeping          |       |     1 ||     1
  Eat: Chunk             |     2 |     4 ||     6
Armor: Leather armour    |    27 |    17 ||    44
Dodge: Dodged            |    74 |    47 ||   121
Block: Buckler           |     8 |     7 ||    15

Table legend:
 A = Spawn XP
 B = Non-spawn XP
 C = Spawn XP percentage of total XP
 D = Spawn monster count
 E = Non-spawn monster count
 F = Spawn count percentage of total count
 G = Total turns spent on level
                    A         B        C        D         E        F      G
               +---------+---------+-------+---------+---------+-------+---------
         Total |       0 |     186 |   0.0 |       0 |      53 |   0.0 |  2676
               +---------+---------+-------+---------+---------+-------+---------
           D:1 |       0 |      39 |   0.0 |       0 |      21 |   0.0 |   661
           D:2 |       0 |      48 |   0.0 |       0 |      14 |   0.0 |   664
           D:3 |       0 |      99 |   0.0 |       0 |      18 |   0.0 |  1338
               +---------+---------+-------+---------+---------+-------+---------
